 Dungeon Crawl Stone Soup version 0.30.0-16-gbe6223bb7e (webtiles) character file.

Game seed: 6746144254941197225

9 Twinkles the Grasshopper (level 2, 0/22 HPs)
             Began as a Vampire Warper on May 21, 2023.
             Slain by a hobgoblin (4 damage)
             ... on level 1 of the Dungeon.
             The game lasted 00:00:42 (159 turns).

Twinkles the Grasshopper (Vampire Warper)            Turns: 159, Time: 00:00:42

Health: 0/22       AC:  3    Str: 10    XL:     2   Next: 3%
Magic:  5/5        EV: 12    Int: 15    God:
Gold:   43         SH:  0    Dex: 13    Spells: 5/5 levels left

rFire   . . .        a - +0 short sword
rCold   . . .        (no shield)
rNeg    . . .        b - +0 leather armour
rPois   .            (no helmet)
rElec   .            (no cloak)
rCorr   .            (no gloves)
SInv    +            (no boots)
Will    .....        (no amulet)
Stlth   +            (no ring)
HPRegen 0.43/turn    (no ring)
MPRegen 0.09/turn

%: no passive effects
@: healing quickly
A: alive, fangs 3, see invisible, vampiric 1
a: Exsanguinate


You were on level 1 of the Dungeon.
You visited 1 branch of the dungeon, and saw 1 of its levels.

You collected 43 gold pieces.

Inventory:

Hand Weapons
 a - a +0 short sword (weapon)
Missiles
 d - 7 boomerangs of dispersal (quivered)
Armour
 b - a +0 leather armour (worn)
Scrolls
 f - a scroll of poison {unknown}
 D - 2 scrolls of blinking
Potions
 c - a potion of curing {unknown}
 e - a potion of attraction {unknown}


   Skills:
 + Level 2.0 Fighting
 + Level 2.4 Short Blades
 - Level 0.7 Throwing
 - Level 0.7 Armour
 + Level 2.4 Dodging
 + Level 1.2 Stealth
 - Level 2.0 Spellcasting
 - Level 2.4 Translocations


You had 5 spell levels left.
You didn't know any spells.
Your spell library contained the following spells:

 Spells                   Type           Power      Damage    Failure   Level
 Blink                    Tloc           16%        N/A       17%         2
 Lesser Beckoning         Tloc           16%        N/A       17%         2
 Teleport Other           Tloc           8%         N/A       34%         3
 Vhi's Electric Charge    Tloc/Air       10%        N/A       50%         3
 Manifold Assault         Tloc           8%         N/A       75%         4


Dungeon Overview and Level Annotations

Branches:
Dungeon (1/15) Zot: 5845

Altars:


Innate Abilities, Weirdness & Mutations

Your natural rate of healing is accelerated.
You have razor-sharp teeth.
You have supernaturally acute eyesight. (SInv)
You are afflicted with vampirism.


Message History

The hobgoblin shouts!
You hit the hobgoblin but do no damage. The hobgoblin completely misses you.
You hit the hobgoblin.
The hobgoblin is lightly wounded.
The hobgoblin hits you.
You hit the hobgoblin but do no damage.
You punch the hobgoblin, but do no damage.
The hobgoblin is lightly wounded.
The hobgoblin barely misses you.
You barely miss the hobgoblin.
You punch the hobgoblin, but do no damage.
The hobgoblin is lightly wounded.
The hobgoblin hits you.
The hobgoblin hits you but does no damage.
You completely miss the hobgoblin.
The hobgoblin is lightly wounded.
You barely miss the hobgoblin. Your bite misses the hobgoblin.
The hobgoblin is lightly wounded.
The hobgoblin hits you. The hobgoblin misses you.
You hit the hobgoblin.
You bite the hobgoblin, but do no damage.
The hobgoblin is heavily wounded.
The hobgoblin closely misses you. x2
You hit the hobgoblin but do no damage. Your bite misses the hobgoblin.
The hobgoblin is heavily wounded.
The hobgoblin hits you. The hobgoblin barely misses you.
You closely miss the hobgoblin.
The hobgoblin is heavily wounded.
The hobgoblin hits you.
* * * LOW HITPOINT WARNING * * *
The hobgoblin misses you.
You completely miss the hobgoblin.
The hobgoblin is heavily wounded.
The hobgoblin hits you.
* * * LOW HITPOINT WARNING * * *
The hobgoblin hits you but does no damage.
You hit the hobgoblin but do no damage. Your bite misses the hobgoblin.
The hobgoblin is heavily wounded.
The hobgoblin barely misses you. The hobgoblin hits you.
You die...

....# ...## .. ...#
#...###.# ## ...#
#....... .# # ..#
#....... ..#.# ..#
#.....###.....
##.####.............
##..#....##....##....
#...#.......#.g...##
#.#....####)#@g....#.
# ##)..# #.#........
#...# ##.#..#.?..#
#......#.#
#....##.#...
#..##..#.##...### #
.# . #.##....#.# ( ..
#..###.. #####..#
##.. ..## ###..## #..


You could see 2 hobgoblins.

Vanquished Creatures
  A ball python (D:1)
  2 giant cockroaches (D:1)
  A hobgoblin (D:1)
  3 kobolds (D:1)
  A rat (D:1)
8 creatures vanquished.

Notes
Turn   | Place    | Note
-------+----------+-------------------------------------------
     0 | D:1      | Twinkles the Vampire Warper began the quest for the Orb.
     0 | D:1      | Reached XP level 1. HP: 16/16 MP: 3/3
   132 | D:1      | Reached skill level 1 in Stealth
   147 | D:1      | Reached XP level 2. HP: 16/22 MP: 5/5
   157 | D:1      | HP: 6/22 [hobgoblin (2)]
   159 | D:1      | Slain by a hobgoblin

Illustrated notes

Levels and vault maps discovered:
D:1:      mrwooster_arrival_statue, layout_rooms

Skill      XL: |  1 |
---------------+----+-----
Stealth        | 1 |  1.2
Fighting       | 2 |  2.0
Short Blades   | |  2.4
Throwing       | |  0.7
Armour         | |  0.7
Dodging        | |  2.4
Spellcasting   | |  2.0
Translocations | |  2.4

Action                     || total
---------------------------++-------
  Melee: Short sword       ||    49
         Bite              ||     3
         Punch             ||     3
 Armour: Leather armour    ||     8
  Dodge: Dodged            ||    27
